 Dungeon Crawl Stone Soup version 0.29.1-15-g9cfb28693d (webtiles) character file.

Game seed: 8397513953730794042

14 AleXD21137 the Grave Robber (level 2, 0/20 HPs)
             Began as a Ghoul Necromancer on Apr 12, 2023.
             Slain by a kobold
             ... wielding a +0 whip
              (2 damage)
             ... on level 1 of the Dungeon.
             The game lasted 00:03:51 (618 turns).

AleXD21137 the Grave Robber (Ghoul Necromancer)      Turns: 618, Time: 00:03:52

Health: 0/20       AC:  2    Str: 11    XL:     2   Next: 41%
Magic:  3/3        EV: 12    Int: 10    God:
Gold:   23         SH:  0    Dex:  9    Spells: 3/4 levels left

rFire   . . .      SeeInvis .   c - +0 trident
rCold   + . .      Faith    .   (no shield)
rNeg    + + +      Spirit   .   a - +0 robe
rPois   ∞          Reflect  .   (no helmet)
rElec   .          Harm     .   (no cloak)
rCorr   .          Rampage  .   (no gloves)
Will    .....                   (no boots)
Stlth   ++........              (no amulet)
HPRegen 0.00/turn               (no ring)
MPRegen 0.08/turn               (no ring)

@: inhibited regen
A: claws 1, cold resistance 1, negative energy resistance 3, inhibited
regeneration, torment resistance 2, devour on kill
a: no special abilities


You were on level 1 of the Dungeon.
You visited 1 branch of the dungeon, and saw 1 of its levels.

You collected 23 gold pieces.

Inventory:

Hand Weapons
 c - a +0 trident (weapon)
 e - a +0 sling
Armour
 a - a +0 robe (worn)
 d - a +0 robe
Potions
 b - a potion of magic


   Skills:
 + Level 0.2 Fighting
 + Level 2.1 Dodging
 + Level 2.2 Stealth
 + Level 0.1 Unarmed Combat
 + Level 1.7 Spellcasting
 + Level 4.3 Necromancy


You had 3 spell levels left.
You knew the following spells:

 Your Spells              Type           Power      Damage    Failure   Level
a - Necrotise             Necr           36%        1d5       5%          1

Your spell library contained the following spells:

 Spells                   Type           Power      Damage    Failure   Level
 Vampiric Draining        Necr           9%         2d6       16%         3
 Animate Dead             Necr           9%         N/A       47%         4
 Agony                    Necr           9%         N/A       83%         5


Dungeon Overview and Level Annotations

Branches:
Dungeon (1/15)

Altars:


Innate Abilities, Weirdness & Mutations

You are immune to poison.
You have sharp fingernails.
Your flesh is cold resistant. (rC+)
You are immune to negative energy. (rN+++)
You do not regenerate when monsters are visible.
You are immune to unholy pain and torment.
You thrive by killing the living.


Message History

The quokka closely misses you.
You completely miss the quokka.
The quokka is moderately wounded.
The quokka barely misses you. The quokka closely misses you.
You closely miss the quokka.
The quokka is moderately wounded.
The quokka closely misses you.
You miss the quokka.
The quokka is moderately wounded.
The quokka bites you. The quokka closely misses you.
You closely miss the quokka.
The quokka is moderately wounded.
The quokka bites you.
You completely miss the quokka.
The quokka is moderately wounded.
The quokka misses you. x2
You closely miss the quokka.
The quokka is lightly wounded.
The quokka completely misses you.
You puncture the quokka!
You kill the quokka!
You feel better.
You see here a quokka corpse.
Found a stone staircase leading down.
A kobold comes into view. It is wielding a +0 whip.
Found a scroll labelled YRIBRI XEILIG.
The kobold hits you with a +0 whip. The kobold closely misses you.
You see here 11 gold pieces.
You now have 23 gold pieces (gained 11).
The kobold hits you with a +0 whip.
You barely miss the kobold. The kobold hits you but does no damage.
You barely miss the kobold. The kobold closely misses you.
You barely miss the kobold. The kobold barely misses you.
The kobold completely misses you.
You miss the kobold. The kobold barely misses you.
You closely miss the kobold. The kobold hits you with a +0 whip.
* * * LOW HITPOINT WARNING * * *
You barely miss the kobold. The kobold hits you with a +0 whip.
You die...

...# ####...# .......# #......
..?.... #.#>.. #.....###. #.#..
##........ ##.#.# #....>..#
######..#.#####.......#
.......#..............#
.#.##.....#####.@K...#
..........##.........#
###..##....#.#######.########
#...#...###.# #........# #
...#...#.....# ########.####.
####......#### #...†..
....†....########## #...†##
..................# ##.##.##
.##.....########.#########..##...


You could see a kobold.

Vanquished Creatures
  3 dart slugs (D:1)
  An endoplasm (D:1)
  2 quokkas (D:1)
  A ball python (D:1)
  A bat (D:1)
8 creatures vanquished.

Notes
Turn   | Place    | Note
-------+----------+-------------------------------------------
     0 | D:1      | AleXD21137 the Ghoul Necromancer began the quest for the
                  | Orb.
     0 | D:1      | Reached XP level 1. HP: 14/14 MP: 2/2
   479 | D:1      | Reached XP level 2. HP: 18/20 MP: 3/3
   618 | D:1      | Slain by a kobold

Illustrated notes

Levels and vault maps discovered:
D:1:      minmay_arrival_stair_chambers, layout_rooms,
          shapermc_ecumenical_altar_venn

Skill      XL: |  1  2 |
---------------+-------+-----
Dodging        | 2 |  2.1
Fighting       | |  0.2
Stealth        | |  2.2
Unarmed Combat | |  0.1
Spellcasting   | |  1.7
Necromancy     | |  4.3

Action                   || total
-------------------------++-------
Melee: Unarmed           ||    10
       Trident           ||    25
Armor: Robe              ||    10
Dodge: Dodged            ||    45
